 Dungeon Crawl Stone Soup version 0.31.0-32-g396128a36d (webtiles) character file.

Game seed: 6935846499676524029

24 bearlyready the Chopper (level 3, -3/46 HPs)
             Began as a Hill Orc Berserker on Mar 29, 2024.
             Was a Follower of Trog.
             Slain by a ribbon worm (6 damage)
             ... on level 2 of the Dungeon.
             The game lasted 00:02:07 (955 turns).

bearlyready the Chopper (Hill Orc Berserker)         Turns: 955, Time: 00:02:07

Health: -3/46      AC:  2    Str: 21    XL:     3   Next: 2%
Magic:  3/3        EV: 11    Int:  7    God:    Trog [*.....]
Gold:   51         SH:  0    Dex: 10    Spells: 2/2 levels left

rFire   . . .        a - +0 hand axe
rCold   . . .        (no shield)
rNeg    . . .        b - +0 animal skin
rPois   .            (no helmet)
rElec   .            (no cloak)
rCorr   .            (no gloves)
SInv    .            (no boots)
Will    .....        (no amulet) Stlth
                     (no ring)
HPRegen 0.27/turn    (no ring)
MPRegen 0.08/turn

%: no passive effects
@: berserking (expiring), very quick
A: no striking features
a: Renounce Religion, Berserk


You were on level 2 of the Dungeon.
You worshipped Trog.
Trog was aware of your devotion.
You visited 1 branch of the dungeon, and saw 2 of its levels.

You collected 51 gold pieces.

Inventory:

Hand Weapons
 a - a +0 hand axe (weapon)
Armour
 b - a +0 animal skin (worn)
Scrolls
 c - 2 scrolls of enchant weapon {unknown}
Potions
 d - a potion of attraction {unknown}


   Skills:
 - Level 3.6 Fighting
 + Level 5.4 Axes
 - Level 2.1 Armour
 - Level 1.5 Dodging


You had 2 spell levels left.
You didn't know any spells.
Your spell library was empty.

Dungeon Overview and Level Annotations

Branches:
Dungeon (2/15)

Altars:

Shops:
D:1 *


Message History

You see here a +0 short sword.
The ribbon worm bites you.
You hit the ribbon worm but do no damage.
You slash the ribbon worm!
The ribbon worm is heavily wounded.
The ribbon worm bites you.
* * * LOW HITPOINT WARNING * * *
You hit the ribbon worm but do no damage.
You punch the ribbon worm.
The ribbon worm is heavily wounded.
The ribbon worm bites you but does no damage.
You hit the ribbon worm.
The ribbon worm is heavily wounded.
The ribbon worm closely misses you.
You hit the ribbon worm.
The ribbon worm is heavily wounded.
The ribbon worm expels a string of sticky webbing.
The stream of webbing hits you but does no damage.
You are caught in a web!
The web tears apart.
The ribbon worm expels a string of sticky webbing.
The stream of webbing misses you.
You hit the ribbon worm.
The ribbon worm is severely wounded.
You barely miss the ribbon worm.
The ribbon worm is severely wounded.
The ribbon worm bites you.
* * * LOW HITPOINT WARNING * * *
You hit the ribbon worm.
The ribbon worm is almost dead.
The ribbon worm expels a string of sticky webbing.
The stream of webbing hits you but does no damage.
You are caught in a web!
A red film seems to cover your vision as you go berserk!
You feel yourself moving faster!
You feel mighty!
The ribbon worm bites you but does no damage.
You struggle to detach yourself from the web.
You feel a strong urge to attack something.
The web tears apart.
The ribbon worm bites you.
You die...

......# ..
##.....#
..........####
...#........ #
#.#.......
#.#.......### #
#..#........#.###
#.......>........
#.......)@.......
#.....<..w.......
........#.........
..................
........#.........
........##........
.......###........
....?.. #........
....... ..


You could see a ribbon worm (catching breath).

Vanquished Creatures
  3 ball pythons
  2 endoplasms (D:1)
  2 giant cockroaches
  A goblin (D:1)
  5 hobgoblins
  3 jackals (D:1)
  A kobold (D:2)
  A rat (D:1)
18 creatures vanquished.

Notes
Turn   | Place    | Note
-------+----------+-------------------------------------------
     0 | D:1      | bearlyready the Hill Orc Berserker began the quest for the
                  | Orb.
     0 | D:1      | Reached XP level 1. HP: 19/19 MP: 1/1
   141 | D:1      | Found Itao's Assorted Antiques.
   316 | D:1      | Reached XP level 2. HP: 11/26 MP: 2/2
   490 | D:1      | Reached skill level 5 in Axes
   730 | D:1      | Found a faded altar of an unknown god.
   941 | D:2      | Reached XP level 3. HP: 16/31 MP: 3/3
   955 | D:2      | Slain by a ribbon worm

Illustrated notes

Levels and vault maps discovered:
D:1:      ldierk_walled_garden_2, layout_basic,
          shapermc_ecumenical_altar_mp_ritualfount, serial_shops, shop,
          hangedman_decor_points
D:2:      layout_rooms

Skill      XL: |  1  2 |
---------------+-------+-----
Axes           | 5 |  5.4
Fighting       | |  3.6
Armour         | |  2.1
Dodging        | |  1.5

Action                     || total
---------------------------++-------
  Melee: Hand axe          ||    68
         Punch             ||     1
 Invoke: Berserk           ||     1
 Armour: Animal skin       ||    52
  Dodge: Dodged            ||    40
